 Dungeon Crawl Stone Soup version 0.31.0-11-ge490571c62 (webtiles) character file.

Game seed: 10669916488061404698

420 qw the Shooter (level 6, -3/30 HPs)
             Began as a Spriggan Hunter on Feb 4, 2024.
             Was an Initiate of Okawaru.
             Slain by an orc
             ... wielding a +0 club
              (5 damage)
             ... on level 4 of the Dungeon.
             The game lasted 00:00:10 (2329 turns).

qw the Shooter (Spriggan Hunter)                    Turns: 2329, Time: 00:00:10

Health: -3/30      AC:  4    Str:  7    XL:     6   Next: 62%
Magic:  7/7        EV: 20    Int: 11    God:    Okawaru [......]
Gold:   81         SH:  5    Dex: 20    Spells: 5/5 levels left

rFire   . . .        a - +0 shortbow (heavy)
rCold   . . .        (shield currently unavailable)
rNeg    . . .        n - +2 robe
rPois   .            (helmet restricted)
rElec   .            (no cloak)
rCorr   .            (gloves unavailable)
SInv    +            (boots unavailable)
Will    +....        i - amulet of reflection
Stlth   ++           (no ring)
HPRegen 0.25/turn    (no ring)
MPRegen 0.10/turn

%: reflection
@: about to teleport, very quick
A: very small, no large weapons, unfitting armour, see invisible, speed 3
a: Renounce Religion


You were on level 4 of the Dungeon.
You worshipped Okawaru.
Okawaru was noncommittal.
You visited 2 branches of the dungeon, and saw 5 of its levels.

You collected 192 gold pieces.
You spent 111 gold pieces at shops.


Innate Abilities, Weirdness & Mutations

You are very small and have problems with some larger weapons.
You are too small for most types of armour.
You have supernaturally acute eyesight. (SInv)
You cover ground extremely quickly. (Speed+++)


   Skills:
 - Level 2.3 Fighting
 - Level 7.0 Ranged Weapons
 + Level 5.1 Dodging
 - Level 1.5 Stealth


You had 5 spell levels left.
You didn't know any spells.
Your spell library was empty.

Inventory:

Hand Weapons
 a - a +0 heavy shortbow (weapon)
Armour
 n - a +2 robe (worn)
Jewellery
 i - an amulet of reflection (around neck)
Scrolls
 b - a scroll of immolation {unknown}
 d - 2 scrolls of enchant armour
Potions
 c - a potion of brilliance {unknown}
 e - a potion of enlightenment
 f - a potion of ambrosia {unknown}
 g - 2 potions of mutation
 j - a potion of curing
 l - a potion of cancellation {unknown}
 m - a potion of degeneration {unknown}

Dungeon Overview and Level Annotations

Branches:
Dungeon (4/15)             Temple (1/1) D:4

Altars:
Ashenzari
Cheibriados
Dithmenos
Elyvilon
Gozag
Hepliaklqana
Makhleb
Nemelex Xobeh
Okawaru
Qazlal
Ru
Sif Muna
Trog
Uskayaw
Vehumet
Wu Jian
Xom
Yredelemnul
Zin
The Shining One

Shops:
D:2 (   D:3 [


Message History

b - a scroll labelled ZESAIDW PIREVOL
c - a yellow potion An orc comes into view.
It is wielding a +0 falchion.
You shoot an arrow. The arrow hits the orc!
You kill the orc!
Okawaru accepts your kill. 2 orc priests and an orc come into view.
The orc shouts!
An orc wizard comes into view. It is wielding a +0 dagger.
You shoot an arrow. The arrow barely misses the orc wizard.
The orc priest shouts!
The orc wizard shouts!
You hear a shout!
The orc priest calls down the wrath of Beogh upon you.
Beogh smites you!
You shoot an arrow. The arrow barely misses the orc wizard.
The arrow hits the orc priest.
The orc priest is lightly wounded.
You shoot an arrow. The arrow barely misses the orc wizard.
The arrow hits the orc priest!
The orc priest is almost dead.
The orc priest mumbles some strange prayers to Beogh against you.
Beogh smites you! The orc wizard barely misses you.
The orc priest looks encouraged for a moment.
The orc priest mumbles some strange prayers to Beogh against you.
You resist with significant effort.
2327 ||| READING scroll of teleportation.
As you read the scroll of teleportation, it crumbles to dust.
You feel strangely unstable.
The orc wizard hits you but does no damage.
The orc priest hits you with a +0 short sword.
You shoot an arrow.
The arrow hits the orc wizard but does no damage.
The orc priest completely misses you.
You shoot an arrow. The arrow barely misses the orc wizard.
The arrow hits the orc priest!
You kill the orc priest!
Okawaru accepts your kill. You block the orc wizard's attack.
The orc priest closely misses you. The orc wizard barely misses you.
The orc hits you with a +0 club.
You die...

.## ....
..###....
#........
#...)..
##.$...
##...)#
#.ooo# #..@#
#...# #...###
#.....####
#.#......###
#######....##
###...# ##..#
#..#


You could see an orc priest, an orc wizard and an orc.

Vanquished Creatures
  Grinder (D:4)
  A scorpion (D:4)
  An orc priest (D:4)
  A hound (D:4)
  An iguana (D:4)
  Robin (D:2)
  3 adders
  3 dart slugs
  2 orcs
  6 endoplasms
  6 giant cockroaches
  18 goblins
  9 hobgoblins
  2 quokkas
  4 ball pythons
  5 bats
  A frilled lizard (D:1)
  6 kobolds
  4 rats
75 creatures vanquished.

Notes
Turn   | Place    | Note
-------+----------+-------------------------------------------
     0 | D:1      | qw the Spriggan Hunter began the quest for the Orb.
     0 | D:1      | Reached XP level 1. HP: 10/10 MP: 2/2
     0 | D:1      | 0 ||| qw: Version: 0.3-a-160-g6735b56
     0 | D:1      | 0 ||| qw: Game counter: 4426
     0 | D:1      | 0 ||| qw: Melee chars always use a shield: true
     0 | D:1      | 0 ||| qw: God list: Okawaru
     0 | D:1      | 0 ||| qw: Allow faded altars: false
     0 | D:1      | 0 ||| qw: Do Orc after clearing Dungeon:15 true
     0 | D:1      | 0 ||| qw: Do second Lair branch before Depths: true
     0 | D:1      | 0 ||| qw: Lair rune preference: random
     0 | D:1      | 0 ||| qw: Goals: Normal
     0 | D:1      | 0 ||| PLANNING D:1-11
    46 | D:1      | Reached skill level 3 in Dodging
   224 | D:1      | Reached XP level 2. HP: 14/14 MP: 3/3
   622 | D:1      | Reached XP level 3. HP: 18/18 MP: 4/4
   689 | D:1      | 689 ||| READING 2 scrolls labelled ESHEXOE DOCU.
   689 | D:1      | 689 ||| IDENTIFYING fizzy yellow potion
   690 | D:1      | 690 ||| READING scroll of identify.
   690 | D:1      | 690 ||| IDENTIFYING 2 bubbling ruby potions
   691 | D:1      | 691 ||| READING scroll labelled PIOJIRA INIM.
   692 | D:1      | 692 ||| DROPPING scroll of butterflies.
   755 | D:2      | 755 ||| FLEEEEING.
   756 | D:2      | 756 ||| STAIRDANCE
   907 | D:2      | Noticed Robin
   909 | D:2      | Reached skill level 5 in Ranged Weapons
   920 | D:2      | HP: 3/18 [Robin/+0 mace (7)]
   920 | D:2      | HP: 1/18 [hobgoblin[Robin] (2)]
   921 | D:2      | 921 ||| DRINKING potion of heal wounds.
   922 | D:2      | Killed Robin
   923 | D:2      | Reached XP level 4. HP: 22/22 MP: 5/5
   982 | D:2      | Found Yluziah's Weapon Shop.
   984 | D:2      | Found a faded altar of an unknown god.
   993 | D:2      | 993 ||| SHOPLISTING +0 orcbow of flaming (99 gold, have
                  | 77).
   993 | D:2      | 993 ||| SHOPLISTING +1 antimagic arbalest (246 gold, have
                  | 77).
  1021 | D:2      | Identified the +0 dagger of Urgency {protect, rF- Str+3
                  | Int+3}
  1236 | D:2      | 1236 ||| UPGRADING to amulet of reflection.
  1241 | D:2      | 1241 ||| READING scroll labelled UKKUDU QUMONOY.
  1242 | D:2      | 1242 ||| READING 2 scrolls labelled BUR JICKAXOAMP.
  1242 | D:2      | 1242 ||| ENCHANTING +0 shortbow.
  1243 | D:2      | 1243 ||| READING scroll labelled FIHYMNE KYSO.
  1306 | D:3      | Found a shadowy altar of Dithmenos.
  1309 | D:3      | Found a hide-covered altar of Uskayaw.
  1646 | D:3      | Found Yclen's Antique Armour Boutique.
  1656 | D:3      | 1656 ||| BUYING embroidered robe (111 gold).
  1656 | D:3      | Bought an embroidered robe for 111 gold pieces
  1656 | D:3      | 1656 ||| SHOPLISTING glowing scarf (240 gold, have 31).
  1859 | D:3      | 1859 ||| UPGRADING to +2 robe.
  1869 | D:3      | 1869 ||| DROPPING +0 robe.
  1870 | D:3      | 1870 ||| READING scroll of identify.
  1870 | D:3      | 1870 ||| IDENTIFYING pink potion
  1871 | D:3      | 1871 ||| READING scroll labelled UBAUKEEKIK.
  2055 | D:4      | Reached XP level 5. HP: 26/26 MP: 6/6
  2155 | D:4      | Noticed Grinder
  2160 | D:4      | Paralysed by Grinder for 2 turns
  2175 | D:4      | Killed Grinder
  2176 | D:4      | Reached skill level 7 in Ranged Weapons
  2176 | D:4      | Reached XP level 6. HP: 11/30 MP: 7/7
  2267 | D:4      | Found a staircase to the Ecumenical Temple.
  2268 | D:4      | 2268 ||| PLANNING TEMPLE
  2268 | D:4      | 2268 ||| READING scroll labelled ZEKODU KOWAAVI.
  2268 | D:4      | 2268 ||| BRANDING +0 shortbow.
  2269 | D:4      | 2269 ||| DRINKING 2 blue potions.
  2279 | Temple   | Entered the Ecumenical Temple
  2280 | Temple   | 2280 ||| PLANNING OKAWARU WORSHIP
  2289 | Temple   | Became a worshipper of Warmaster Okawaru
  2290 | Temple   | 2290 ||| PLANNING D:1-11
  2326 | D:4      | HP: 4/30 [orc priest/divine providence (13)]
  2327 | D:4      | 2327 ||| READING scroll of teleportation.
  2327 | D:4      | HP: 1/30 [orc priest/+0 short sword (3)]
  2329 | D:4      | Slain by an orc

Levels and vault maps discovered:
D:1:      giann_wishing_wells, layout_basic
D:2:      cheibrodos_old_hovel, layout_rooms,
          hellmonk_ecumenical_altar_lost_god, serial_shops, shop, uniq_robin
D:3:      layout_basic, grunt_temple_overflow_open, serial_shops,
          nicolae_shop_overgrown_old_shop, kennysheep_generic_room_2
D:4:      layout_layer_cave, temple_statues, ebering_dispersal_statue_hall,
          kennysheep_generic_room_11, uniq_eustachio, uniq_grinder
Temple:   mainiacjoe_temple_coin_purse

Skill      XL: |  1  2  3  4  5 |
---------------+----------------+-----
Dodging        | 3 4 5 |  5.1
Ranged Weapons | 5 7 |  7.0
Fighting       | 2 |  2.3
Stealth        | |  1.5

Action                     |  1- 3 |  4- 6 || total
---------------------------+-------+-------++-------
   Fire: Shortbow          |   128 |    94 ||   222
    Use: Scroll            |     3 |     7 ||    10
         Potion            |     1 |     1 ||     2
 Armour: Robe              |    18 |     9 ||    27
  Dodge: Dodged            |    51 |    13 ||    64
  Block: Other             |       |     4 ||     4
         Reflection        |       |     1 ||     1

Table legend:
 A = Non-vault XP
 B = Vault XP
 C = Vault XP percentage of total XP
 D = Non-vault monster count
 E = Vault monster count
 F = Vault count percentage of total count
                 A         B        C        D         E       F
            +---------+---------+-------+---------+---------+-------
      Total |     342 |     300 |  46.7 |      59 |      16 |  21.3
            +---------+---------+-------+---------+---------+-------
        D:1 |      44 |       0 |   0.0 |      26 |       0 |   0.0
        D:2 |      46 |      36 |  43.9 |      13 |      13 |  50.0
        D:3 |      22 |       2 |   8.3 |       6 |       2 |  25.0
        D:4 |     230 |     262 |  53.3 |      14 |       1 |   6.7
            +---------+---------+-------+---------+---------+-------
